Map: Rooftop Terrace

Players

MetalG - Winner!

  • Race: Terran Terran
  • Spawn Location: 6:00

Ghost - Winner!

  • Race: Terran Terran
  • League: Diamond
  • Spawn Location: 5:00

timeout - Winner!

  • Race: Terran Terran
  • Spawn Location: 7:00

Snoopy - Winner!

  • Race: Terran Terran
  • Spawn Location: 6:00

john

  • Race: Terran Terran
  • Spawn Location: 11:00

maru

  • Race: Protoss Protoss
  • Spawn Location: 1:00

HydraOnStim

  • Race: Terran Terran
  • Spawn Location: 12:00

VanillaHippo

  • Race: Zerg Zerg
  • Spawn Location: 12:00

VOD

Have the link to the VOD?

Description

Time

  • Played on: May 14, 2022, 11:18 p.m.
  • Length: 19:08
Show
View Real Time Build Order
Export as new Build Order

MetalG Terran - Winner!

Build Orders: 2 Factory, Mech 

Get SALT Encoding   

  12  0:02  SCV  
  13  0:14  SCV  
  13  0:18  Supply Depot  
  14  0:26  SCV  
  15  0:37  Refinery  
  15  0:39  SCV  
  16  0:47  Barracks  
  16  0:51  SCV  
  17  1:04  SCV  
  18  1:16  SCV  
  19  1:28  SCV  
  20  1:40  SCV  
  20  1:45  Command Center  
  20  1:46  Reaper  
  22  1:52  Orbital Command  
  22  2:09  Refinery  
  22  2:20  Bunker  
  22  2:22  Supply Depot  
  22  2:30  Factory  
  22  2:31  SCV  
  23  2:43  SCV  
  24  2:47  Engineering Bay  
  24  2:49  Marine  
  25  3:03  Factory  
  25  3:07  SCV, Marine  
  25  3:11  SCV  
  28  3:19  SCV  
  29  3:24  SCV  
  30  3:31  SCV  
  31  3:36  SCV  
  32  3:43  SCV, Factory Tech Lab  
  32  3:45  Missile Turret  
  32  3:48  SCV  
  34  4:00  SCV  
  34  4:01  SCV  
  36  4:10  Factory Tech Lab  
  36  4:11  Siege Tank  
  36  4:13  SCV x2  
  41  4:20  Refinery  
  41  4:21  Refinery  
  41  4:25  SCV x2  
  41  4:29  Siege Tank  
  46  4:41  Orbital Command  
  46  4:45  Command Center  
  46  4:46  SCV  
  47  4:53  Widow Mine  
  47  4:57  Factory  
  47  4:58  Factory  
  49  5:12  Armory, Missile Turret  
  49  5:13  Armory  
  49  5:25  SCV x2  
  51  5:29  Missile Turret  
  51  5:30  Refinery  
  51  5:33  Refinery  
  51  5:37  Widow Mine, SCV  
  54  5:49  Supply Depot  
  54  5:51  Supply Depot  
  54  5:56  Widow Mine x3  
  60  6:04  Starport  
  60  6:07  Orbital Command  
  60  6:12  Missile Turret  
  60  6:15  Missile Turret  
  60  6:27  Widow Mine x3  
  60  6:28  Widow Mine  
  68  6:34  Supply Depot  
  68  6:35  Supply Depot  
  68  6:36  Supply Depot  
  68  6:43  SCV x3  
  71  6:49  Factory  
  71  6:51  Factory Tech Lab  
  71  6:53  Factory Tech Lab  
  71  7:05  Supply Depot  
  71  7:27  Supply Depot  
  71  7:28  Supply Depot  
  71  7:29  Supply Depot  
  71  7:41  Factory Tech Lab  
  71  7:42  Factory  
  71  7:43  Thor x2  
  71  7:44  Thor  
  89  7:48  Thor  
  95  8:04  Starport Tech Lab  
  95  8:08  Factory  
  95  8:10  Supply Depot  
  95  8:11  Supply Depot  
  95  8:26  SCV  
  94  8:34  Thor  
  94  8:40  Factory Tech Lab  
  100  8:52  Factory Tech Lab  
  96  9:00  Command Center  
  96  9:02  Thor  
  101  9:08  Hellion  
  103  9:32  Thor x2  
  115  9:50  Supply Depot  
  115  9:52  Refinery x2, Supply Depot  
  115  10:19  Thor x2  
  115  10:20  Widow Mine x4  
  135  10:27  Supply Depot  
  135  10:29  Supply Depot  
  135  10:40  Orbital Command  
  135  10:43  Thor  
  135  10:44  Widow Mine x2  
  145  10:50  SCV  
  145  10:51  SCV x2  
  142  11:35  Widow Mine  
  142  11:36  Widow Mine x2  
  138  12:18  Thor x3  
  138  12:19  Thor x2  
  138  12:20  Siege Tank  
  147  12:37  Thor  
  145  12:52  Thor  
  145  13:01  Thor x2, Widow Mine  
  145  13:02  Thor  
  145  13:03  Widow Mine  
  131  13:20  Siege Tank  
  131  13:22  Missile Turret  
  131  13:23  Widow Mine  
  131  13:24  Widow Mine  
  136  13:28  Missile Turret  
  136  13:30  Missile Turret  
  136  13:34  Missile Turret  
  136  13:35  Widow Mine  
  136  13:38  Missile Turret  
  136  13:40  Hi-Sec Auto Tracking  
  138  13:43  Thor  
  144  13:51  Missile Turret  
  144  13:58  Missile Turret  
  140  15:00  Thor x4  
  164  15:22  Thor x2  
  164  15:23  Thor  
  182  15:42  Thor  
  182  15:43  Thor  
  182  15:49  Thor  
  195  17:03  Missile Turret  
  195  17:04  Missile Turret  
  195  17:09  Starport  
  195  17:10  Starport  
  195  17:12  Starport, Fusion Core  
  195  17:13  Starport  
  195  17:19  Missile Turret  
  195  17:31  Command Center  
  195  17:32  Refinery x2  
  151  17:52  Thor x3  
  163  18:12  Starport Tech Lab x2  
  163  18:14  Starport Tech Lab x2  
  163  18:25  Armory  
Show
View Real Time Build Order
Export as new Build Order

Ghost Terran - Winner!

Build Orders: Reaper Expand 

Get SALT Encoding   

  12  0:00  SCV  
  13  0:13  SCV  
  14  0:19  Supply Depot  
  14  0:25  SCV  
  15  0:41  SCV  
  16  0:43  Barracks  
  16  0:46  Refinery  
  16  0:53  SCV  
  17  1:05  SCV  
  18  1:17  SCV  
  19  1:30  Orbital Command  
  19  1:32  Reaper  
  20  1:48  Command Center  
  20  1:59  SCV  
  20  2:00  Supply Depot  
  21  2:11  SCV  
  22  2:19  Factory  
  22  2:23  SCV  
  22  2:25  Barracks Reactor  
  23  2:38  SCV  
  23  2:40  Refinery  
  24  2:50  SCV  
  25  3:02  SCV  
  25  3:04  Orbital Command  
  26  3:12  Supply Depot  
  26  3:15  SCV  
  27  3:25  Hellion x2  
  27  3:26  Barracks Tech Lab  
  32  3:27  SCV  
  32  3:30  SCV  
  32  3:31  Starport  
  33  3:39  SCV  
  34  3:41  Engineering Bay  
  34  3:43  SCV  
  35  3:51  SCV  
  36  3:55  SCV  
  36  3:59  Hellion x2  
  41  4:03  SCV  
  41  4:08  SCV  
  43  4:15  SCV  
  44  4:20  Supply Depot, SCV  
  45  4:27  SCV  
  46  4:32  SCV  
  46  4:34  Raven  
  46  4:35  Marine  
  46  4:36  Hellion x2  
  54  4:42  SCV  
  54  4:44  Starport, SCV  
  56  4:48  Missile Turret x2  
  55  4:54  SCV  
  55  4:55  Missile Turret x2  
  55  4:56  SCV  
  57  5:06  SCV  
  56  5:20  Command Center  
  56  5:22  Missile Turret  
  56  5:25  Refinery, Missile Turret  
  56  5:26  Starport Reactor  
  56  5:27  Refinery  
  56  5:29  SCV x2  
  56  5:33  Fusion Core  
  58  5:41  SCV  
  58  5:42  SCV  
  56  5:54  Missile Turret, SCV  
  56  5:55  SCV  
  58  5:57  Missile Turret  
  58  6:05  Viking x2  
  62  6:12  Armory  
  62  6:25  Supply Depot  
  62  6:31  SCV, Marine  
  62  6:32  SCV  
  53  6:43  SCV  
  53  6:44  SCV  
  53  6:45  Orbital Command  
  55  6:49  Marine  
  56  6:55  SCV  
  56  6:56  SCV  
  56  7:00  Viking  
  56  7:01  Armory, Viking x2  
  62  7:07  SCV  
  66  7:08  SCV  
  66  7:12  SCV  
  67  7:17  Terran Ship Weapons Level 1  
  67  7:19  SCV  
  67  7:20  SCV  
  69  7:24  SCV  
  69  7:25  Refinery x2  
  70  7:30  Liberator  
  70  7:32  SCV x2  
  70  7:36  SCV  
  76  7:41  Viking  
  76  7:44  SCV x2  
  80  7:53  Command Center  
  80  7:55  Command Center, Terran Vehicle And Ship Armor Level 1  
  78  8:02  SCV  
  78  8:03  SCV x2  
  81  8:06  Missile Turret  
  81  8:14  SCV  
  81  8:15  SCV, Viking  
  85  8:24  Supply Depot x2  
  85  8:25  Supply Depot  
  85  8:26  Supply Depot, Weapon Refit  
  85  8:33  Supply Depot  
  85  8:43  Starport  
  85  8:45  Viking x2  
  89  8:51  Factory Tech Lab  
  89  8:55  Barracks Reactor  
  87  9:15  Viking x2  
  91  9:18  Hellion  
  91  9:19  Orbital Command  
  93  9:27  Starport  
  93  9:28  Command Center  
  90  9:39  Hellion  
  90  9:42  Viking x3  
  90  9:45  Viking x2  
  102  9:52  Terran Vehicle And Ship Armor Level 2  
  102  9:58  Drilling Claws  
  102  10:01  Hellion  
  104  10:22  Hellion  
  104  10:23  Terran Ship Weapons Level 2  
  104  10:24  Neosteel Armor  
  106  10:30  Missile Turret  
  106  10:31  Missile Turret  
  104  10:36  Missile Turret  
  104  10:37  Missile Turret  
  104  10:39  Missile Turret  
  104  10:40  Missile Turret x2  
  104  10:42  Missile Turret  
  100  10:43  Viking x3  
  100  10:44  Hellion  
  100  10:48  Orbital Command  
  100  10:49  SCV  
  109  10:57  Refinery  
  109  10:58  Refinery  
  109  10:59  Sensor Tower, Missile Turret  
  109  11:05  Siege Tank  
  106  11:17  Viking x4  
  106  11:25  Missile Turret, Viking  
  100  11:26  Missile Turret  
  100  11:27  Supply Depot, Missile Turret x2  
  95  11:39  Missile Turret x2  
  94  11:40  Missile Turret x2, Viking x2  
  98  11:58  Missile Turret  
  98  11:59  Missile Turret  
  98  12:03  Orbital Command  
  98  12:28  Viking x3  
  98  12:29  Viking x4  
  112  12:33  Refinery, Missile Turret  
  112  12:36  Missile Turret  
  112  12:45  Terran Ship Weapons Level 3  
  112  12:50  Missile Turret  
  112  12:51  Missile Turret  
  112  12:58  Viking  
  114  13:04  Missile Turret  
  114  13:06  Sensor Tower  
  114  13:16  Missile Turret  
  114  13:20  Terran Vehicle And Ship Armor Level 3  
  114  13:21  Marine  
  114  13:22  Missile Turret  
  115  13:28  Infernal Pre-Igniter, Hellion  
  115  13:32  Factory  
  117  13:38  Viking x5  
  117  13:39  Supply Depot, Marine  
  117  13:41  Missile Turret  
  128  13:46  Advanced Ballistics  
  128  14:01  Missile Turret  
  128  14:05  Viking x2  
  128  14:08  Viking x2  
  136  14:15  Missile Turret  
  136  14:18  Factory Reactor  
  136  14:19  Missile Turret  
  122  14:37  Raven, Viking x4  
  112  14:46  Smart Servos  
  112  14:52  Viking x2  
  114  15:00  Missile Turret  
  114  15:02  Missile Turret  
  114  15:03  Missile Turret  
  113  15:07  Viking  
  113  15:08  Viking x2  
  113  15:09  Viking  
  113  15:12  Hellion  
  113  15:13  Hellion  
  125  15:15  Marine  
  126  15:33  Raven  
  126  15:34  Viking x2  
  132  15:36  Supply Depot  
  132  15:38  Sensor Tower  
  132  15:40  Missile Turret  
  112  16:12  Viking x4  
  112  16:13  Viking x2  
  112  16:16  Viking  
  126  16:22  Missile Turret  
  126  16:24  Missile Turret  
  126  16:26  Supply Depot  
  126  16:30  Missile Turret  
  126  16:41  Hellion x2  
  126  16:42  Liberator x2, Viking  
  126  16:45  Starport, Supply Depot  
  126  16:46  Supply Depot  
  138  16:53  Terran Vehicle Weapons Level 1  
  138  16:59  Missile Turret  
  138  17:02  Hellion  
  138  17:03  Hellion  
  142  17:24  Hellion x2  
  140  17:45  Hellion x2  
  139  18:17  Viking x7  
Show
View Real Time Build Order
Export as new Build Order

timeout Terran - Winner!

Build Orders:  

Get SALT Encoding   

  12  0:12  Supply Depot  
  12  0:13  SCV  
  13  0:25  SCV  
  14  0:35  Barracks  
  14  0:37  SCV  
  15  0:49  SCV  
  16  1:01  SCV  
  17  1:13  SCV  
  18  1:21  Command Center  
  18  1:31  Barracks  
  18  1:34  Marine  
  19  1:42  Supply Depot  
  19  1:48  SCV  
  20  1:58  Marine  
  21  2:09  Orbital Command  
  21  2:16  Marine  
  21  2:19  Barracks  
  21  2:22  Marine  
  23  2:33  Orbital Command  
  23  2:34  Marine  
  23  2:36  SCV  
  25  2:40  Marine  
  26  2:53  SCV  
  26  2:54  Marine  
  26  2:57  Marine  
  29  3:05  SCV  
  30  3:07  Marine  
  30  3:11  Refinery  
  30  3:12  Marine  
  30  3:15  Marine  
  29  3:25  SCV x2, Marine  
  32  3:28  Barracks  
  32  3:30  Marine  
  33  3:37  SCV  
  34  3:41  Marine  
  34  3:43  SCV, Marine  
  37  3:49  SCV  
  38  3:55  SCV  
  39  4:14  Marine x3  
  35  4:21  SCV  
  36  4:26  SCV  
  36  4:30  Barracks Tech Lab  
  37  4:33  SCV  
  37  4:36  Refinery  
  37  4:38  Refinery, SCV  
  39  4:46  Engineering Bay, SCV  
  39  4:47  Command Center  
  40  4:53  SCV  
  40  4:58  SCV  
  40  4:59  Marine x2  
  44  5:05  SCV  
  45  5:10  SCV  
  46  5:19  Stimpack  
  46  5:20  Missile Turret  
  46  5:22  Barracks Reactor  
  46  5:23  SCV x2  
  46  5:25  Supply Depot  
  46  5:27  Supply Depot  
  48  5:28  Barracks Reactor  
  48  5:31  Barracks Reactor  
  48  5:34  Missile Turret  
  48  5:35  SCV x2  
  48  5:41  Factory  
  42  6:09  Missile Turret  
  37  6:20  Marine  
  38  6:27  Orbital Command  
  38  6:29  Refinery  
  38  6:35  Missile Turret, Marine x2  
  38  6:37  Factory Tech Lab  
  40  6:43  Armory  
  40  6:45  Engineering Bay  
  40  6:46  Armory  
  40  6:49  SCV x2  
  42  6:58  Combat Shield, SCV  
  43  7:01  SCV x2  
  45  7:10  SCV  
  45  7:13  SCV, Neosteel Armor  
  47  7:17  Marine x2  
  49  7:27  Missile Turret  
  49  7:29  Missile Turret  
  49  7:34  Hi-Sec Auto Tracking  
  49  7:38  Marine x2  
  49  7:39  Marine  
  52  7:44  Marine  
  52  7:45  Marine  
  52  7:48  Drilling Claws  
  54  7:53  Factory  
  54  7:55  Orbital Command  
  54  7:56  Marine x2  
  54  7:57  Marine x2  
  53  8:08  Marine  
  53  8:10  Widow Mine  
  54  8:19  Terran Vehicle Weapons Level 1, Terran Vehicle And Ship Armor Level 1  
  54  8:22  Factory  
  54  8:24  Marine x2  
  56  8:30  SCV  
  56  8:31  Terran Infantry Weapons Level 1, SCV  
  58  8:35  Starport  
  58  8:41  Factory Reactor  
  58  8:48  Marine x3  
  59  8:52  Marine x2  
  59  8:54  Terran Infantry Armor Level 1  
  63  8:58  Widow Mine  
  65  9:04  Marine  
  65  9:06  Factory Reactor  
  65  9:09  SCV  
  67  9:10  SCV x2  
  67  9:16  Missile Turret  
  69  9:17  Missile Turret  
  69  9:19  Widow Mine, Marine x2  
  69  9:22  SCV  
  69  9:24  Widow Mine  
  76  9:31  Starport Reactor  
  67  9:41  Widow Mine  
  67  9:43  Marine x3  
  67  9:44  Marine x3  
  70  9:46  Widow Mine x2  
  66  10:11  Siege Tank  
  67  10:21  SCV x3  
  70  10:23  Refinery, Terran Vehicle Weapons Level 2  
  70  10:24  Terran Vehicle And Ship Armor Level 2  
  70  10:27  Widow Mine  
  72  10:31  Terran Infantry Weapons Level 2  
  72  10:33  SCV  
  73  10:39  SCV  
  74  10:43  Siege Tank, Marine x4  
  74  10:48  Medivac x2  
  85  10:53  SCV  
  86  11:00  Missile Turret  
  86  11:02  Missile Turret x2  
  86  11:03  Missile Turret  
  80  11:15  Siege Tank  
  74  11:33  Widow Mine  
  74  11:34  Widow Mine x3  
  74  11:36  Marine x2  
  74  11:37  Marine  
  85  11:54  Marine  
  85  11:58  Missile Turret  
  85  12:00  Missile Turret x3  
  86  12:02  Missile Turret  
  86  12:03  Marine  
  86  12:07  Widow Mine  
  86  12:08  Widow Mine  
  85  12:09  Widow Mine  
  86  12:16  Orbital Command  
  86  12:20  Widow Mine  
  86  12:22  Siege Tank  
  74  12:41  Missile Turret  
  74  12:42  Missile Turret  
  74  13:11  Orbital Command  
  74  13:25  Missile Turret  
  74  13:26  Missile Turret  
  66  13:45  Missile Turret  
  66  13:47  Missile Turret  
  66  14:03  SCV  
  66  14:04  SCV  
  66  14:05  Command Center  
  42  14:25  Marine x2  
  42  14:27  Siege Tank  
  46  14:32  SCV x2  
  48  14:44  SCV  
  46  15:08  Missile Turret  
  46  15:10  Missile Turret x2  
  46  15:11  Missile Turret  
  46  15:18  Terran Infantry Weapons Level 3  
  46  15:21  Terran Infantry Armor Level 2  
  46  15:28  Missile Turret  
  46  16:08  Thor  
  52  16:11  Terran Vehicle And Ship Armor Level 3  
  52  16:17  Orbital Command  
  50  16:50  Thor  
  50  16:51  SCV x2  
  50  16:52  SCV  
  59  17:03  SCV x2  
  42  17:31  SCV x3  
  42  17:33  Thor  
  51  17:43  SCV x3  
  54  17:47  Factory Reactor  
  54  17:56  SCV x3  
  54  17:58  Refinery  
  57  18:01  Refinery  
  57  18:08  SCV  
  57  18:11  Widow Mine  
  57  18:12  Widow Mine  
  62  18:16  Thor  
  68  18:33  Widow Mine x2  
Show
View Real Time Build Order
Export as new Build Order

Snoopy Terran - Winner!

Build Orders:  

Get SALT Encoding   

  12  0:09  SCV  
  13  0:19  Supply Depot  
  13  0:23  SCV  
  14  0:41  Barracks  
  14  0:49  Barracks  
  14  0:52  SCV  
  15  1:04  SCV  
  16  1:16  SCV  
  17  1:36  Marine  
  18  1:41  Marine  
  19  1:50  Supply Depot  
  19  1:54  Marine  
  19  1:55  SCV  
  19  1:57  Refinery  
  19  1:59  Marine  
  22  2:07  SCV  
  23  2:15  Refinery  
  23  2:18  Marine x2  
  25  2:36  Marine x2  
  27  2:42  Orbital Command  
  25  2:54  Marine x2  
  26  3:12  Marine  
  24  3:17  Factory  
  22  3:29  Marine  
  23  3:35  Command Center  
  23  3:38  SCV  
  23  3:47  Marine  
  23  3:50  SCV  
  24  3:57  Barracks Reactor  
  24  4:04  Factory  
  24  4:05  Marine  
  24  4:08  Supply Depot, SCV  
  26  4:20  SCV  
  26  4:23  Marine  
  28  4:31  Supply Depot  
  28  4:37  Marine  
  28  4:38  Marine  
  30  4:41  Marine  
  31  4:50  Orbital Command  
  31  4:54  Supply Depot  
  31  4:56  Factory Tech Lab x2  
  33  5:02  Armory  
  29  5:16  Supply Depot  
  29  5:17  Cyclone x2  
  35  5:27  SCV x2  
  37  5:39  SCV x2  
  39  5:47  Refinery  
  39  5:50  Refinery  
  39  5:51  SCV x2  
  41  5:57  Thor  
  41  6:03  SCV  
  48  6:23  Thor  
  51  6:27  Marine  
  52  6:34  SCV x2  
  54  6:44  Marine  
  54  6:46  Thor, SCV x2  
  63  6:52  Supply Depot  
  63  6:58  SCV x2  
  65  7:02  Marine  
  66  7:10  SCV  
  66  7:11  Factory, SCV  
  66  7:15  Supply Depot  
  68  7:20  Marine  
  70  7:22  SCV  
  70  7:23  SCV  
  70  7:24  Thor  
  77  7:32  Supply Depot  
  77  7:37  SCV  
  77  7:38  Supply Depot  
  78  7:50  Thor  
  84  7:56  Supply Depot  
  84  8:20  Thor, Supply Depot  
  84  8:23  Factory Tech Lab  
  90  8:27  Supply Depot  
  90  8:33  Thor  
  96  8:50  Thor, Supply Depot  
  99  9:02  Thor  
  105  9:13  Supply Depot  
  105  9:16  Thor  
  77  9:52  Thor x2  
  83  10:17  Thor  
  83  10:21  Command Center  
  89  10:35  Thor  
  95  10:39  Refinery  
  95  10:42  Refinery, Thor  
  101  11:12  Thor  
  101  11:14  Marine  
  101  11:18  Thor  
  114  11:32  Marine  
  103  11:50  Thor, Marine  
  110  11:55  Thor  
  104  12:04  Terran Vehicle Weapons Level 1  
  104  12:08  Marine  
  98  12:26  Marine  
  99  12:35  Thor x2  
  111  12:40  Orbital Command  
  111  12:46  SCV  
  111  12:47  SCV  
  113  12:59  SCV x2  
  115  13:11  SCV x2  
  117  13:13  Thor  
  117  13:18  Thor  
  129  13:23  SCV x2  
  131  13:35  SCV x2  
  133  13:47  SCV  
  88  14:46  Thor  
  88  14:47  Thor x2  
  106  15:02  Supply Depot  
  100  15:26  Supply Depot  
  81  15:29  Thor x3  
  81  15:33  Command Center  
  98  16:05  Armory  
  97  16:13  Orbital Command  
  86  17:02  Refinery x2  
  86  17:06  Thor x3  
  104  17:49  Thor x3  
Show
View Real Time Build Order
Export as new Build Order

john Terran 

Build Orders:  

Get SALT Encoding   

  12  0:01  SCV  
  13  0:13  SCV  
  14  0:22  Supply Depot  
  14  0:25  Refinery  
  14  0:29  SCV  
  15  0:46  Barracks  
  15  0:50  SCV  
  16  0:57  Refinery  
  16  1:02  SCV  
  17  1:14  SCV  
  18  1:26  SCV  
  19  1:33  Supply Depot  
  19  1:38  SCV  
  20  1:43  Factory  
  20  1:49  Marine  
  21  1:57  SCV  
  22  2:07  Marine  
  23  2:09  SCV  
  24  2:25  Marine  
  25  2:34  Starport  
  25  2:36  Starport, SCV  
  26  2:48  SCV  
  25  3:15  Marine  
  25  3:21  Starport Tech Lab  
  25  3:22  Starport Tech Lab  
  25  3:25  Orbital Command  
  25  3:26  Fusion Core  
  25  3:28  Supply Depot  
  25  3:33  Marine  
  25  3:51  Marine  
  25  4:02  Banshee x2  
  30  4:03  Cloaking Field  
  30  4:15  Marine  
  30  4:16  Widow Mine  
  32  4:20  Weapon Refit  
  32  4:54  SCV  
  33  5:03  Command Center  
  33  5:05  Refinery  
  33  5:06  SCV  
  34  5:18  SCV  
  35  5:34  Battlecruiser  
  35  6:26  Battlecruiser  
  35  6:28  SCV  
  42  6:33  SCV  
  42  6:39  Refinery  
  43  6:40  SCV  
  43  6:45  SCV  
  45  6:52  SCV  
  46  6:57  Battlecruiser, SCV  
  53  7:02  Supply Depot  
  53  7:04  SCV  
  54  7:16  SCV  
  54  7:20  SCV  
  56  7:25  Supply Depot  
  56  7:28  SCV  
  57  7:31  Battlecruiser  
  57  7:32  SCV  
  64  7:37  Supply Depot  
  64  7:41  SCV  
  65  7:44  SCV  
  60  8:22  Battlecruiser  
  66  8:35  Battlecruiser  
  66  8:37  Command Center  
  66  8:39  Refinery x2  
  72  8:57  Starport  
  72  9:07  SCV  
  73  9:14  SCV  
  74  9:19  SCV  
  75  9:27  SCV  
  76  9:31  SCV  
  77  9:44  SCV  
  78  9:51  Starport Tech Lab  
  78  9:52  Battlecruiser x2  
  90  10:17  Battlecruiser  
  90  10:20  Supply Depot  
  96  10:30  SCV  
  96  10:33  Marine  
  98  10:36  Widow Mine  
  98  10:42  Supply Depot, SCV  
  101  10:43  SCV  
  102  10:51  Marine  
  102  10:55  SCV  
  104  10:57  Widow Mine  
  106  11:09  Marine  
  107  11:19  Widow Mine  
  109  11:27  Marine  
  104  13:35  Battlecruiser x2  
  104  13:36  Battlecruiser  
  116  14:11  SCV  
  114  14:23  SCV  
  92  14:52  Command Center  
  92  15:08  Supply Depot x2  
  92  15:10  Supply Depot  
  92  15:14  SCV  
  93  15:29  Battlecruiser  
  93  15:30  Battlecruiser x2  
  61  16:19  Widow Mine  
  61  16:23  Marine  
  64  16:34  Battlecruiser x3, SCV  
  83  16:40  Marine  
  83  16:41  Widow Mine, Command Center  
  83  16:42  Refinery  
  83  16:47  SCV  
  87  16:58  Marine  
  87  16:59  SCV  
  89  17:02  Widow Mine  
  85  17:16  Marine  
  80  17:24  Widow Mine  
  76  17:34  Marine  
  77  17:38  Battlecruiser x2  
  77  17:40  Starport  
  77  17:42  Starport  
  89  17:45  Widow Mine  
Show
View Real Time Build Order
Export as new Build Order

maru Protoss 

Build Orders: Oracle Opening 

Get SALT Encoding   

  12  0:01  Probe  
  13  0:13  Probe  
  14  0:24  Pylon  
  14  0:25  Probe (Chrono Boost)  
  16  0:44  Probe (Chrono Boost)  
  16  0:49  Probe (Chrono Boost)  
  16  0:50  Gateway  
  16  0:57  Assimilator  
  17  1:00  Assimilator, Probe  
  18  1:12  Probe (Chrono Boost)  
  19  1:21  Probe (Chrono Boost)  
  20  1:26  Probe (Chrono Boost)  
  21  1:40  Cybernetics Core  
  21  1:44  Probe  
  22  1:56  Probe  
  23  2:03  Nexus  
  23  2:13  Pylon  
  23  2:16  Warp Gate  
  23  2:30  Stalker (Chrono Boost)  
  23  2:31  Probe  
  25  2:37  Stargate  
  25  2:42  Pylon  
  25  2:43  Probe  
  26  2:46  Shield Battery  
  26  2:56  Probe  
  27  3:08  Probe  
  27  3:20  Probe  
  28  3:32  Probe  
  27  3:44  Probe  
  27  3:46  Probe  
  29  3:50  Oracle (Chrono Boost)  
  32  3:56  Probe  
  32  3:58  Probe  
  34  4:08  Probe  
  34  4:10  Probe  
  35  4:20  Oracle  
  35  4:22  Probe x2 (Chrono Boost)  
  40  4:30  Assimilator  
  40  4:31  Assimilator  
  40  4:34  Probe (Chrono Boost)  
  42  4:38  Probe (Chrono Boost)  
  42  4:40  Probe (Chrono Boost)  
  42  4:45  Probe  
  44  4:48  Probe  
  45  4:57  Probe  
  44  5:09  Probe  
  44  5:11  Probe  
  44  5:12  Oracle (Chrono Boost)  
  43  5:21  Probe, Gateway  
  47  5:23  Probe, Gateway  
  48  5:33  Probe  
  48  5:35  Probe  
  50  5:42  Oracle  
  53  5:45  Probe  
  54  6:00  Stargate  
  54  6:02  Stargate  
  54  6:10  Probe  
  54  6:11  Fleet Beacon  
  54  6:12  Nexus  
  54  6:13  Probe  
  54  6:28  Pylon  
  54  6:30  Pylon  
  54  6:40  Pylon  
  54  6:41  Assimilator  
  54  6:46  Assimilator, Probe x2  
  60  6:50  Pylon  
  60  6:51  Pylon  
  60  6:52  Void Ray  
  65  6:58  Probe x2  
  61  7:01  Fleet Beacon  
  67  7:08  Tempest  
  67  7:09  Tempest  
  67  7:10  Probe x2  
  73  7:22  Shield Battery x2  
  74  7:25  Probe x2 (Chrono Boost)  
  74  7:26  Probe (Chrono Boost)  
  74  7:27  Forge  
  76  7:37  Probe (Chrono Boost)  
  76  7:39  Probe x2 (Chrono Boost)  
  76  7:42  Probe (Chrono Boost)  
  76  7:47  Probe x2  
  74  7:53  Probe  
  69  7:59  Probe x2  
  69  8:02  Tempest  
  69  8:03  Tempest  
  69  8:05  Probe  
  82  8:06  Tempest  
  82  8:11  Probe  
  82  8:12  Photon Cannon  
  88  8:16  Probe  
  88  8:17  Probe  
  90  8:26  Probe, Robotics Facility  
  91  8:33  Protoss Air Weapons Level 1  
  91  8:39  Probe  
  91  8:40  Probe  
  93  8:48  Tempest x2  
  103  8:50  Tempest  
  108  8:58  Photon Cannon  
  108  9:14  Unknown  
  108  9:16  Probe x2  
  106  9:24  Pylon x2  
  106  9:27  Pylon  
  106  9:38  Pylon  
  106  9:39  Pylon x2  
  106  9:42  Tempest x3, Pylon  
  121  9:51  Anion Pulse-Crystals  
  121  9:55  Probe  
  121  9:58  Pylon  
  122  10:00  Probe  
  123  10:10  Probe  
  124  10:17  Stargate  
  124  10:19  Pylon  
  124  10:22  Protoss Shields Level 1  
  124  10:24  Pylon  
  124  10:25  Phoenix x3  
  130  10:33  Nexus, Observer (Chrono Boost)  
  125  10:46  Observer (Chrono Boost)  
  125  10:49  Tempest  
  126  10:50  Phoenix x2  
  126  11:15  Phoenix x2  
  123  11:23  Probe  
  114  11:28  Tempest  
  98  11:32  Phoenix  
  119  11:39  Phoenix  
  121  11:40  Phoenix  
  120  12:04  Phoenix  
  91  12:35  Probe  
  91  12:36  Probe  
  70  12:39  Probe  
  67  12:47  Probe  
  68  12:51  Probe  
  64  13:19  Fleet Beacon  
  64  13:38  Nexus  
  64  13:41  Photon Cannon  
  63  14:07  Probe  
  63  14:09  Gateway  
  72  14:34  Void Ray  
  72  14:35  Void Ray  
  60  15:22  Probe  
Show
View Real Time Build Order
Export as new Build Order

HydraOnStim Terran 

Build Orders: Command Center First (CC), Mech 

Get SALT Encoding   

  12  0:04  SCV  
  13  0:30  SCV  
  14  0:38  Supply Depot  
  14  0:46  SCV  
  15  0:59  Command Center  
  15  1:03  SCV  
  16  1:16  Barracks  
  16  1:20  SCV  
  17  1:33  SCV  
  18  1:57  Refinery  
  18  1:59  Refinery  
  18  2:05  Marine  
  18  2:07  Bunker  
  19  2:10  Orbital Command  
  19  2:12  Orbital Command  
  19  2:22  Marine  
  20  2:40  Marine  
  20  2:58  Marine  
  18  3:25  SCV  
  19  3:45  SCV  
  19  3:46  SCV  
  20  3:58  SCV x2  
  21  4:10  SCV  
  22  4:22  Marine  
  22  4:44  Reaper  
  23  4:49  Factory x3  
  23  4:50  Factory  
  23  4:53  SCV x2  
  25  5:00  Refinery  
  25  5:01  Refinery  
  25  5:05  SCV  
  25  5:06  SCV  
  27  5:17  SCV  
  27  5:18  SCV  
  29  5:29  SCV  
  29  5:30  SCV  
  29  5:34  Command Center  
  31  5:36  Factory Tech Lab x2  
  31  5:37  Factory Tech Lab  
  31  5:38  Factory Reactor  
  31  5:41  SCV  
  31  5:42  SCV  
  33  5:49  Armory  
  33  5:53  SCV  
  33  5:54  SCV  
  35  6:05  Siege Tank  
  38  6:23  Engineering Bay  
  38  6:25  Supply Depot  
  38  6:30  Supply Depot  
  38  6:38  Supply Depot  
  38  6:39  Supply Depot  
  38  6:41  Supply Depot  
  38  6:45  SCV x2, Siege Tank  
  38  6:46  Hellion  
  45  6:47  Supply Depot  
  45  6:51  Orbital Command  
  45  6:58  Drilling Claws, SCV x2  
  45  7:01  Infernal Pre-Igniter  
  47  7:04  Supply Depot  
  47  7:10  SCV x2  
  49  7:18  SCV  
  49  7:22  SCV x2  
  52  7:27  Widow Mine  
  52  7:28  Widow Mine  
  56  7:30  SCV  
  56  7:31  Widow Mine  
  56  7:34  SCV x2  
  61  7:42  SCV  
  62  7:46  SCV x2  
  63  7:58  SCV  
  63  8:06  Thor, Widow Mine x2  
  63  8:07  Siege Tank  
  63  8:08  SCV x2  
  63  8:10  SCV  
  79  8:15  Refinery x2, Supply Depot  
  79  8:17  Supply Depot  
  79  8:18  Siege Tank  
  82  8:20  SCV  
  82  8:22  Marine  
  82  8:24  Supply Depot  
  84  8:39  Thor  
  84  8:40  Marine  
  88  9:06  Widow Mine x2, Siege Tank x2  
  95  9:22  Widow Mine  
  97  9:27  Widow Mine  
  73  9:57  Thor x3  
  86  10:18  Widow Mine x2  
  86  10:21  Terran Vehicle Weapons Level 1, Factory  
  90  10:23  SCV x3  
  90  10:26  Armory  
  93  10:33  Supply Depot  
  93  10:35  SCV x2  
  94  10:36  Supply Depot x2, SCV  
  94  10:39  Supply Depot, Thor  
  94  10:40  Thor x2  
  111  10:57  Widow Mine  
  111  11:08  Widow Mine  
  113  11:11  Supply Depot  
  113  11:12  Supply Depot  
  113  11:16  Supply Depot  
  113  11:22  Siege Tank  
  113  11:23  Siege Tank x2  
  108  11:54  Thor  
  108  11:55  Thor, Siege Tank  
  96  12:19  Widow Mine x2  
  97  12:26  Widow Mine, Thor  
  102  12:31  Supply Depot  
  102  12:37  Thor x2  
  102  12:41  Widow Mine x2  
  118  12:47  Widow Mine  
  118  13:08  Widow Mine  
  118  13:09  Widow Mine x2, Siege Tank  
  127  13:20  Siege Tank x2  
  135  13:41  Widow Mine x2, Thor  
  139  13:52  Thor  
  139  13:53  Siege Tank  
  111  14:24  Siege Tank  
  111  14:25  Siege Tank  
  93  14:35  Thor  
  99  14:56  Thor  
  99  14:57  Thor  
  111  15:18  Thor  
  111  15:19  Widow Mine x2  
  121  15:33  Barracks  
  121  15:35  Barracks  
  121  15:37  Barracks  
  121  15:38  Barracks x2  
  121  15:39  Thor  
  121  15:40  Siege Tank  
  130  15:44  Command Center  
  130  15:49  Widow Mine x2  
  136  15:53  Factory Tech Lab  
  134  16:01  Widow Mine  
  136  16:10  Widow Mine  
  136  16:11  Widow Mine  
  140  16:12  Widow Mine  
  138  16:22  Widow Mine  
  138  16:23  Widow Mine  
  142  16:32  Widow Mine  
  144  16:42  Siege Tank x2  
  144  16:44  SCV  
  151  16:50  Terran Vehicle Weapons Level 2  
  151  16:52  Terran Vehicle And Ship Armor Level 1  
  151  16:53  Supply Depot  
  151  16:57  Marine  
  151  16:58  Marine x4  
  156  17:03  Planetary Fortress  
  156  17:05  Refinery  
  156  17:15  Refinery, Marine  
  156  17:16  Marine x4  
  161  17:32  Siege Tank x2  
  161  17:33  Marine, Siege Tank  
  161  17:34  Marine x4  
  142  17:51  Marine x3  
  109  17:52  Marine x2  
  94  18:09  Marine x5  
Show
View Real Time Build Order
Export as new Build Order

VanillaHippo Zerg 

Build Orders: Hatch First 

Get SALT Encoding   

  12  0:01  Drone  
  13  0:10  Drone  
  14  0:18  Overlord  
  14  0:49  Hatchery  
  13  1:01  Spawning Pool  
  12  1:04  Extractor  
  12  1:08  Drone  
  12  1:10  Drone  
  14  1:18  Drone  
  14  1:28  Drone  
  15  1:33  Drone  
  16  1:44  Drone  
  17  1:51  Zergling x2  
  17  1:54  Queen  
  20  2:05  Drone, Zergling x2  
  22  2:13  Zergling x2  
  22  2:14  Zergling x2  
  24  2:25  Zergling x4  
  26  2:36  Zergling x4  
  27  2:44  Zergling x4, Spine Crawler  
  28  2:57  Overlord x2  
  27  3:16  Metabolic Boost  
  27  3:17  Baneling Nest  
  26  3:34  Drone x3  
  28  3:42  Drone  
  28  3:43  Drone x2  
  28  3:46  Queen  
  33  3:53  Drone  
  34  4:00  Drone, Extractor  
  34  4:06  Drone x2  
  35  4:19  Drone x4  
  39  4:27  Lair  
  39  4:29  Drone x2  
  41  4:39  Drone  
  41  4:40  Drone  
  41  4:44  Spore Crawler  
  42  4:48  Spore Crawler  
  42  4:49  Extractor  
  37  5:00  Baneling  
  37  5:01  Baneling x5  
  37  5:02  Zergling x4  
  37  5:03  Zergling x6  
  42  5:19  Drone  
  42  5:20  Overlord x3  
  43  5:28  Overlord  
  43  5:46  Overseer  
  43  5:49  Drone x7  
  51  5:50  Drone x2  
  52  5:57  Overseer  
  52  6:01  Drone x4, Spire  
  55  6:16  Drone x2, Spine Crawler  
  56  6:27  Baneling  
  56  6:28  Overlord  
  56  6:38  Zergling x2  
  56  6:39  Zergling x8  
  58  6:46  Zergling x2  
  59  6:47  Extractor  
  59  6:49  Drone x2  
  60  7:00  Hatchery  
  59  7:02  Overlord  
  59  7:03  Drone x4  
  63  7:08  Baneling  
  63  7:09  Baneling x3  
  63  7:13  Pneumatized Carapace  
  63  7:20  Spore Crawler  
  62  7:23  Drone x4, Corruptor x2  
  62  7:24  Corruptor x2  
  74  7:34  Drone x2  
  76  7:50  Drone x5  
  81  7:52  Overlord x2  
  81  8:08  Drone  
  81  8:09  Drone, Overlord x2  
  83  8:19  Spore Crawler  
  82  8:22  Zergling x6, Corruptor x2  
  82  8:25  Extractor x2  
  87  8:47  Zergling x10  
  91  8:49  Overlord x3  
  91  8:50  Drone  
  92  8:57  Drone  
  86  9:07  Zergling x8  
  80  9:23  Zergling x6  
  80  9:24  Zergling x6  
  85  9:29  Corruptor, Overseer  
  84  9:37  Zergling x6  
  87  9:47  Zergling x2  
  87  9:48  Zergling x8  
  92  9:55  Zergling x4  
  92  9:58  Overlord  
  94  10:05  Corruptor x2  
  98  10:08  Zergling x2  
  98  10:12  Corruptor  
  101  10:20  Zergling x10  
  106  10:25  Corruptor  
  108  10:28  Corruptor  
  108  10:29  Corruptor  
  108  10:31  Zerg Flyer Weapons Level 1  
  112  10:37  Infestation Pit  
  112  10:38  Corruptor x4  
  119  10:43  Corruptor x4  
  119  10:46  Zergling x2  
  128  10:57  Zergling x6  
  127  11:02  Zergling x2  
  127  11:03  Zergling x4  
  123  11:07  Zergling x6  
  126  11:13  Drone  
  126  11:18  Zergling x8  
  103  11:41  Zergling x4  
  103  11:42  Zergling x6  
  103  11:44  Zergling x8  
  111  11:51  Zergling x2  
  110  12:11  Zergling x10  
  103  12:23  Zergling x6  
  103  12:25  Zerg Flyer Armor Level 1  
  103  12:27  Zergling x6  
  107  12:34  Zergling x8  
  107  12:36  Zergling x2  
  107  12:47  Mutalisk x3  
  113  12:52  Zergling x2  
  113  12:55  Zergling x2  
  115  13:00  Zergling x2  
  106  13:06  Zergling x4  
  107  13:28  Zergling x2  
  107  13:29  Zergling x6  
  107  13:33  Mutalisk x3  
Tags
 
Add a new tag
Caveats
  • Supply blocks, unpowered buildings, or Contaminate may cause inaccurate times.
  • Supply counts are checked every 10 seconds.